 Dungeon Crawl Stone Soup version 0.31-a0-986-g5e6e4ef867 (webtiles) character file.

Game seed: 15876635802115080743

113 sammy202020 the Covered (level 4, 41/41 HPs)
             Began as a Minotaur Fighter on Nov 23, 2023.
             Quit the game on level 3 of the Dungeon.
             The game lasted 00:03:19 (2054 turns).

sammy202020 the Covered (Minotaur Fighter)          Turns: 2054, Time: 00:03:19

Health: 41/41      AC: 14    Str: 21    XL:     4   Next: 65%
Magic:  3/3        EV:  6    Int:  7    God:
Gold:   120        SH:  4    Dex:  7    Spells: 3/3 levels left

rFire   . . .        r - +0 morningstar
rCold   . . .        c - +0 buckler
rNeg    . . .        k - +0 plate armour
rPois   .            (helmet restricted)
rElec   .            (no cloak)
rCorr   .            (no gloves)
SInv    .            p - +1 pair of boots
Will    .....        (no amulet) Stlth
                     (no ring)
HPRegen 0.26/turn    (no ring)
MPRegen 0.08/turn

%: no passive effects
@: no status effects
A: horns 2, retaliatory headbutt, clumsy 1
a: no special abilities


You were on level 3 of the Dungeon.
You visited 1 branch of the dungeon, and saw 3 of its levels.

You collected 120 gold pieces.

Inventory:

Hand Weapons
 a - a +0 flail
 r - a +0 morningstar (weapon)
 w - a +0 sling
Missiles
 v - 2 poisoned darts
Armour
 c - a +0 buckler (worn)
 k - a +0 plate armour (worn)
 p - a +1 pair of boots (worn)
Jewellery
 x - a +6 ring of intelligence
Scrolls
 f - a scroll of amnesia
 h - a scroll of noise
 j - a scroll of teleportation
 l - a scroll of blinking
 q - a scroll of fog
Potions
 d - a potion of might
 e - a potion of heal wounds
 m - 3 potions of attraction
 t - a potion of brilliance {unknown}
 u - a potion of berserk rage {unknown}


   Skills:
 * Level 4.4 Fighting
 * Level 3.3 Maces & Flails
 * Level 4.5 Armour
 + Level 1.4 Dodging
 * Level 4.3 Shields


You had 3 spell levels left.
You didn't know any spells.
Your spell library contained the following spells:

 Spells                   Type           Power      Damage    Failure   Level
 Dazzling Flash           Conj/Hex       0%         N/A       100%        3
 Agony                    Necr           0%         N/A       100%        5
 Silence                  Hex/Air        0%         N/A       100%        5


Dungeon Overview and Level Annotations

Branches:
Dungeon (3/15)

Altars:
Yredelemnul

Shops:
D:1 [   D:2 *


Innate Abilities, Weirdness & Mutations

You have a pair of horns on your head.
You reflexively headbutt those who attack you in melee.
You are clumsy. (Dex -2)


Message History

It was a scroll of fog.
As you read the scroll labelled IMAYXO ASEIMA, it crumbles to dust.
It is a scroll of amnesia.
You feel forgetful for a moment.
As you read the scroll labelled NECRYZ OBU, it crumbles to dust.
It is a scroll of identify.
m - 3 potions of attraction
As you read the scroll labelled KURGHOBECEWN, it crumbles to dust.
You hear a loud clanging noise!
It was a scroll of noise.
As you read the scroll labelled SIOXTO JOIX, it crumbles to dust.
You feel momentarily disoriented.
It was a scroll of revelation.
As you read the scroll labelled BIYN LURCHUUW, it crumbles to dust.
You feel strangely unstable.
It was a scroll of teleportation.
Blink to where?
Press: ? - help, Dir - move target
As you read the scroll labelled WIS DOX PUSS, it crumbles to dust.
It was a scroll of blinking.
It was a potion of heal wounds.
You feel much better.
It was a potion of lignification.
You turn into a tree.
Your +1 pair of boots melds into your body.
Your +0 plate armour melds into your body.
Your roots penetrate the ground.
You feel strangely stable.
Okay, then.
You start resting.
Your transformation is almost over.
You feel less wooden.
Your +1 pair of boots unmelds from your body.
Your +0 plate armour unmelds from your body.
You start waiting.
Done waiting.
Sorry, you're not good enough to have a special ability.
Sorry, you're not good enough to have a special ability.
Okay, then.
It was a potion of curing.
You feel better.
It was a potion of mutation.
You feel extremely strange.
You feel clumsy.
Okay, then.
Sorry, you're not good enough to have a special ability.
Are you sure you want to abandon this character and quit the game? (Confirm with "yes".)

...#####.## #....##.#
.........#######...##.##
#.#.############....#.##
#...# ########.....##
###.# ########.⌠...##
###.# ########....###
....# #######....####
###.# #######...#####
#.# ######.@..##### #.#
######.>.###### ##.#
######...###### ##..#
############### #.#.##
############### .###.#
############### #.#.##
############### ...##
############### .†.#


There were no monsters in sight!

Vanquished Creatures
  A howler monkey (D:3)
  An adder (D:3)
  A worm (D:2)
  2 dart slugs
  2 orcs (D:3)
  5 ball pythons
  8 bats
  4 endoplasms
  7 goblins
  A hobgoblin (D:3)
  6 jackals (D:3)
  4 kobolds
  6 quokkas
  2 frilled lizards (D:2)
  3 rats (D:1)
53 creatures vanquished.

Notes
Turn   | Place    | Note
-------+----------+-------------------------------------------
     0 | D:1      | sammy202020 the Minotaur Fighter began the quest for the
                  | Orb.
     0 | D:1      | Reached XP level 1. HP: 19/19 MP: 0/0
   101 | D:1      | Found Voec's Antique Armour Emporium.
   285 | D:1      | Reached XP level 2. HP: 27/27 MP: 1/1
   886 | D:2      | Found Ilujufic's General Store.
   920 | D:2      | Reached XP level 3. HP: 31/33 MP: 2/2
  1159 | D:3      | Found a basalt altar of Yredelemnul.
  1233 | D:3      | Reached skill level 1 in Dodging
  1842 | D:3      | Reached XP level 4. HP: 31/41 MP: 3/3
  2052 | D:3      | Gained mutation: You are clumsy. (Dex -2) [potion of
                  | mutation]
  2054 | D:3      | Quit the game

Illustrated notes

Levels and vault maps discovered:
D:1:      dpeg_arrival_round_c, layout_basic, serial_shops, shop
D:2:      layout_loops_ring, serial_shops, shop,
          hellmonk_ecumenical_altar_run_dry
D:3:      layout_loops_cross, lemuel_tele_altar, kennysheep_nondescript,
          grunt_ministairs_12

Skill      XL: |  1  2  3 |
---------------+----------+-----
Fighting       | 4 |  4.4
Armour         | 4 |  4.5
Shields        | 4 |  4.3
Maces & Flails | 3 |  3.3
Dodging        | 1 |  1.4

Action                     |  1- 3 |  4- 6 || total
---------------------------+-------+-------++-------
  Melee: Flail             |    78 |       ||    78
         Headbutt          |    15 |     2 ||    17
         Morningstar       |    41 |    10 ||    51
    Use: Scroll            |       |     8 ||     8
         Potion            |       |     4 ||     4
 Armour: Scale mail        |    18 |       ||    18
         Plate armour      |    82 |     8 ||    90
  Dodge: Dodged            |    36 |     2 ||    38
  Block: Buckler           |    22 |     2 ||    24

Table legend: (Time is in decaauts)
 A = Elapsed time spent in this place.
 B = Non-inter-level travel time spent in this place.
 C = Inter-level travel time spent in this place.
 D = Time resting spent in this place.
 E = Time spent auto-exploring this place.
 F = Levels seen in this place.
 G = Mean time per level.
                   A        B        C        D        E       F      G
               +--------+--------+--------+--------+--------+-----+--------+
         Total |   2094 |   2074 |     20 |    121 |   1502 |   3 |  698.0 |
       Dungeon |   2094 |   2074 |     20 |    121 |   1502 |   3 |  698.0 |
               +--------+--------+--------+--------+--------+-----+--------+

Top non-repeatable levels by time:
     D:3: 927 daAuts
     D:1: 652 daAuts
     D:2: 515 daAuts
